 Dungeon Crawl Stone Soup version 0.31.0-9-g3a7656b989 (webtiles) character file.

Game seed: 1713748810463822955

161 qw the Skirmisher (level 5, -3/29 HPs)
             Began as a Deep Elf Hunter on Feb 2, 2024.
             Slain by a gnoll
             ... wielding a +0 spear
              (7 damage)
             ... on level 3 of the Dungeon.
             The game lasted 00:00:07 (2028 turns).

qw the Skirmisher (Deep Elf Hunter)                 Turns: 2028, Time: 00:00:07

Health: -3/29      AC:  3    Str: 10    XL:     5   Next: 19%
Magic:  7/7        EV: 12    Int: 14    God:
Gold:   137        SH:  0    Dex: 18    Spells: 4/4 levels left

rFire   . . .        a - +1 shortbow
rCold   . . .        (shield currently unavailable)
rNeg    . . .        c - +0 leather armour
rPois   .            (no helmet)
rElec   .            (no cloak)
rCorr   .            (no gloves)
SInv    .            (no boots)
Will    .....        (no amulet)
Stlth   ++           (no ring)
HPRegen 0.24/turn    (no ring)
MPRegen 0.10/turn

%: no passive effects
@: no status effects
A: no striking features
a: no special abilities


You were on level 3 of the Dungeon.
You visited 1 branch of the dungeon, and saw 3 of its levels.

You collected 137 gold pieces.


   Skills:
 - Level 1.5 Fighting
 + Level 8.6 Ranged Weapons
 - Level 2.4 Dodging
 - Level 1.2 Stealth


You had 4 spell levels left.
You didn't know any spells.
Your spell library was empty.

Inventory:

Hand Weapons
 a - a +1 shortbow (weapon)
Armour
 c - a +0 leather armour (worn)
Potions
 e - 2 potions of might
 f - a potion of curing {unknown}

Dungeon Overview and Level Annotations

Branches:
Dungeon (3/15)

Altars:
Cheibriados


Message History

You kill the gnoll!
The gnoll hits you from afar with a +0 spear.
You shoot an arrow. The arrow hits the gnoll!
The gnoll is severely wounded.
The hound misses you. The gnoll barely misses you.
The gnoll hits you with a +0 whip.
You shoot an arrow.
The arrow hits the gnoll but does no damage.
The gnoll is severely wounded.
The hound closely misses you.
The gnoll hits you from afar with a +0 spear.
The gnoll closely misses you.
You shoot an arrow. The arrow hits the gnoll!
You kill the gnoll!
The hound bites you but does no damage. The hound barely misses you.
The gnoll hits you from afar with a +0 spear.
The rat bites you but does no damage.
You shoot an arrow. The arrow closely misses the hound.
The arrow barely misses the gnoll.
The hound completely misses you. The gnoll closely misses you.
The rat misses you. The hound misses you.
You shoot an arrow. The arrow hits the hound.
The hound is moderately wounded.
The hound bites you but does no damage.
The gnoll hits you from afar with a +0 spear.
The rat closely misses you.
You shoot an arrow. The arrow hits the hound!
You kill the hound!
The rat bites you but does no damage. The gnoll barely misses you.
You have reached level 5!
You shoot an arrow. The arrow hits the rat.
The rat is severely wounded.
The gnoll barely misses you. The rat bites you but does no damage.
You shoot an arrow. The arrow closely misses the rat.
The gnoll hits you from afar with a +0 spear.
The rat misses you.
You shoot an arrow. The arrow hits the rat.
You kill the rat!
The gnoll hits you from afar with a +0 spear!
You die...

... #..###.#.#.### #.
... #....#.#.#...####.
.. #.##.....###....#.
^.##.....######...
#.#..#.>..# ##..
#.#.##.##.# ##...
#.#.##.##.####....
##.####.................
.....g.@#..####.P#######
##....%)#..# #..#
##.##.....# +..# #
..##..# #..# ##. #...
.... ## ..... ....}
..##+ ###.. ##.


You could see a gnoll.

Vanquished Creatures
  A hound (D:3)
  2 gnolls (D:3)
  5 adders
  2 ribbon worms
  A dart slug (D:2)
  An orc (D:3)
  4 ball pythons
  8 bats
  7 endoplasms
  A giant cockroach (D:1)
  7 goblins
  8 hobgoblins
  4 jackals (D:1)
  3 kobolds
  A quokka (D:1)
  A frilled lizard (D:2)
  6 rats
62 creatures vanquished.

Notes
Turn   | Place    | Note
-------+----------+-------------------------------------------
     0 | D:1      | qw the Deep Elf Hunter began the quest for the Orb.
     0 | D:1      | Reached XP level 1. HP: 12/12 MP: 3/3
     0 | D:1      | 0 ||| qw: Version: 0.3-a-155-g5e7d8dd
     0 | D:1      | 0 ||| qw: Game counter: 334
     0 | D:1      | 0 ||| qw: Melee chars always use a shield: true
     0 | D:1      | 0 ||| qw: God list: Okawaru
     0 | D:1      | 0 ||| qw: Allow faded altars: false
     0 | D:1      | 0 ||| qw: Do Orc after clearing Dungeon:15 true
     0 | D:1      | 0 ||| qw: Do second Lair branch before Depths: true
     0 | D:1      | 0 ||| qw: Lair rune preference: random
     0 | D:1      | 0 ||| qw: Goals: Normal
     0 | D:1      | 0 ||| PLANNING D:1-11
   213 | D:1      | Reached XP level 2. HP: 16/16 MP: 4/4
   218 | D:1      | Reached skill level 6 in Ranged Weapons
   308 | D:1      | 308 ||| RETREEEEATING.
   864 | D:1      | 864 ||| READING scroll labelled YHUIZU OVUIN.
   865 | D:1      | 865 ||| READING 3 scrolls labelled TYTEVVY DADDEA.
   865 | D:1      | 865 ||| IDENTIFYING clear potion
   866 | D:1      | 866 ||| READING 2 scrolls of identify.
   866 | D:1      | 866 ||| IDENTIFYING amethyst potion
   867 | D:1      | 867 ||| READING scroll of identify.
   867 | D:1      | 867 ||| IDENTIFYING 2 fizzy emerald potions
   868 | D:1      | 868 ||| DROPPING scroll of butterflies.
   869 | D:1      | 869 ||| DROPPING potion of attraction.
   870 | D:1      | 870 ||| DROPPING 2 potions of invisibility.
   871 | D:1      | 871 ||| DROPPING potion of brilliance.
   909 | D:2      | Reached XP level 3. HP: 16/20 MP: 5/5
  1085 | D:2      | Reached skill level 7 in Ranged Weapons
  1376 | D:2      | Reached XP level 4. HP: 25/25 MP: 6/6
  1636 | D:2      | 1636 ||| READING scroll of identify.
  1636 | D:2      | 1636 ||| IDENTIFYING murky blue potion
  1637 | D:2      | 1637 ||| READING scroll labelled ARPHEQUATIM.
  1637 | D:2      | 1637 ||| ENCHANTING +0 shortbow.
  1638 | D:2      | 1638 ||| READING scroll labelled ZOUPPID CUPTAT.
  1639 | D:2      | 1639 ||| READING 3 scrolls labelled PUN HUG VYCREECS.
  1640 | D:2      | 1640 ||| DROPPING 2 scrolls of noise.
  1729 | D:3      | Found a snail-covered altar of Cheibriados.
  1960 | D:3      | Reached skill level 8 in Ranged Weapons
  2024 | D:3      | HP: 6/25 [gnoll/+0 spear (5)]
  2026 | D:3      | Reached XP level 5. HP: 7/29 MP: 7/7
  2028 | D:3      | Slain by a gnoll

Levels and vault maps discovered:
D:1:      minmay_arrival_widening_spiral_narrow, layout_loops_ring
D:2:      layout_loops_ring, grunt_decor_clamped
D:3:      corexii_shack_village, layout_rooms, lemuel_tele_altar,
          cheibrodos_worm_habitat, serial_forest,
          infiniplex_forest_clump_medium, infiniplex_forest_end_2,
          infiniplex_forest_corner_1, infiniplex_forest_clump_curved,
          infiniplex_forest_lined_3, infiniplex_forest_lined_3_way,
          infiniplex_forest_join, chequers_serial_rivers_small_a

Skill      XL: |  1  2  3  4 |
---------------+-------------+-----
Ranged Weapons | 6 7 8 |  8.6
Fighting       | |  1.5
Dodging        | |  2.4
Stealth        | |  1.2

Action                     |  1- 3 |  4- 6 || total
---------------------------+-------+-------++-------
   Fire: Shortbow          |   135 |    62 ||   197
    Use: Scroll            |     4 |     4 ||     8
 Armour: Leather armour    |    35 |    17 ||    52
  Dodge: Dodged            |    26 |    20 ||    46

Table legend:
 A = Non-vault XP
 B = Vault XP
 C = Vault XP percentage of total XP
 D = Non-vault monster count
 E = Vault monster count
 F = Vault count percentage of total count
                 A         B        C        D         E       F
            +---------+---------+-------+---------+---------+-------
      Total |     228 |       4 |   1.7 |      61 |       1 |   1.6
            +---------+---------+-------+---------+---------+-------
        D:1 |      36 |       0 |   0.0 |      21 |       0 |   0.0
        D:2 |      69 |       0 |   0.0 |      25 |       0 |   0.0
        D:3 |     123 |       4 |   3.1 |      15 |       1 |   6.2
            +---------+---------+-------+---------+---------+-------
